 Dungeon Crawl Stone Soup version 0.20.1-1-g8b1a95d (webtiles) character file.

121 Linguinho the Skirmisher (level 4, -5/35 HPs)
             Began as a Demonspawn Fighter on Nov 13, 2017.
             Killed by nerve-wracking pain
             ... invoked by an orc priest
              (12 damage)
             ... on level 3 of the Dungeon.
             The game lasted 00:04:17 (1968 turns).

Linguinho the Skirmisher (Demonspawn Fighter)       Turns: 1968, Time: 00:04:18

Health: -5/35      AC:  6    Str: 21    XL:     4   Next: 76%
Magic:  4/4        EV:  9    Int:  9    God:
Gold:   145        SH: 10    Dex: 18    Spells: 3/3 levels left

rFire    . . .     SeeInvis .   a - +0 war axe
rCold    . . .     Gourm    .   c - +0 shield
rNeg     . . .     Faith    .   q - +0 leather armour
rPois    .         Spirit   .   w - +2 hat
rElec    .         Reflect  .   (no cloak)
rCorr    .         Harm     .   l - +0 pair of gloves
MR       .....                  (no boots)
Stlth    +++.......             (no amulet)
Regen    0.2/turn               (no ring)
MPRegen  0.1/turn               (no ring)

@: mighty
A: thin skeletal structure 2
a: no special abilities


You were on level 3 of the Dungeon.
You were hungry.

You visited 1 branch of the dungeon, and saw 3 of its levels.

You collected 145 gold pieces.

Inventory:

Hand Weapons
 a - a +0 war axe (weapon)
 u - a +0 dagger
Armour
 c - a +0 shield (worn)
 l - a +0 pair of gloves (worn)
 q - a +0 leather armour (worn)
 w - a +2 hat (worn)
Scrolls
 b - a scroll of fear {unknown}
 e - 3 scrolls of remove curse {unknown}
 g - a scroll of random uselessness {unknown}
 h - 2 scrolls of enchant armour {unknown}
 o - 4 scrolls of identify {unknown}
 p - 2 scrolls of fog {unknown}
 r - 2 scrolls of enchant weapon {unknown}
 s - 2 scrolls of immolation {unknown}
 t - 2 scrolls of amnesia {unknown}
Potions
 k - 4 potions of curing {unknown}
 m - 3 potions of agility {unknown}
 v - 2 potions of magic {unknown}
 x - a potion of brilliance {unknown}
 z - a potion of degeneration {unknown}
Comestibles
 f - a bread ration
 i - a meat ration
 j - 2 royal jellies
 n - 2 fruits


   Skills:
 - Level 3.2 Fighting
 * Level 0.6 Short Blades
 - Level 1.9 Axes
 - Level 2.8 Armour
 + Level 1.5 Dodging
 * Level 3.1 Stealth
 - Level 2.9 Shields


You had 3 spell levels left.
You didn't know any spells.

Dungeon Overview and Level Annotations

Branches:
Dungeon (3/15)

Altars:
Xom

Annotations:
D:3 Sigmund


Innate Abilities, Weirdness & Mutations

You have a moderately thin skeletal structure. (Dex +4, Stealth+)


Message History

You are too injured to fight recklessly!
You are too injured to fight recklessly!
You are too injured to fight recklessly!
You are too injured to fight recklessly!
You are too injured to fight recklessly!
You slash the orc!
You kill the orc!
You slash the orc!
You kill the orc!
The orc priest calls down the wrath of Beogh upon you.
Pain shoots through your body!
* * * LOW HITPOINT WARNING * * *
Drop what? 25/52 slots (_ for help) (? for menu, Esc to quit)
Okay, then.
You feel very mighty all of a sudden.
You barely miss the orc. You closely miss the orc priest.
The orc hits you but does no damage.
The orc priest calls down the wrath of Beogh upon you.
Pain shoots through your body!
You die...

#.. .. .. .
#. ... #.
....##.#####
......)....#
......o@...+
###...o....#
#........#
...........#
......######
......
......
......


You could see an orc priest and an orc.

Vanquished Creatures
  2 adders (D:2)
  A gnoll (D:1)
  3 dart slugs (D:1)
  A leopard gecko (D:1)
  2 orcs (D:3)
  A ball python (D:1)
  10 giant cockroaches (D:2)
  10 goblins
  8 hobgoblins
  11 jackals
  7 kobolds
  5 bats
  4 frilled lizards (D:2)
  7 rats
72 creatures vanquished.

Notes
Turn   | Place    | Note
-------+----------+-------------------------------------------
     0 | D:1      | Linguinho the Demonspawn Fighter began the quest for the Orb.
     0 | D:1      | Reached XP level 1. HP: 18/18 MP: 1/1
    60 | D:1      | Gained mutation: You have a somewhat thin skeletal structure. (Dex +2, Stealth) [demonic ancestry]
    60 | D:1      | Reached XP level 2. HP: 13/24 MP: 2/2
   271 | D:1      | Reached skill level 1 in Stealth
   391 | D:1      | Gained mutation: You have a moderately thin skeletal structure. (Dex +4, Stealth+) [demonic ancestry]
   391 | D:1      | Reached XP level 3. HP: 29/29 MP: 3/3
   594 | D:2      | Reached skill level 1 in Dodging
   681 | D:2      | Reached XP level 4. HP: 35/35 MP: 4/4
  1192 | D:2      | Found a shimmering altar of Xom.
  1637 | D:3      | Noticed Sigmund
  1968 | D:3      | Killed from afar by an orc priest

Skill      XL: |  1  2  3  4 |
---------------+-------------+-----
Stealth        | 1 2 3 |  3.1
Dodging        | 1 |  1.5
Fighting       | |  3.2
Short Blades   | |  0.6
Axes           | |  1.9
Armour         | |  2.8
Shields        | |  2.9

Action                   |  1- 3 |  4- 6 || total
-------------------------+-------+-------++-------
Melee: War axe           |    86 |    79 ||   165
       Dagger            |       |     4 ||     4
  Use: Potion            |       |     1 ||     1
 Stab: Sleeping          |     2 |     9 ||    11
  Eat: Chunk             |       |     3 ||     3
Armor: Scale mail        |    45 |     4 ||    49
       Leather armour    |       |    33 ||    33
Dodge: Dodged            |    21 |    44 ||    65
Block: Shield            |    45 |    46 ||    91
